Map: Orbital Shipyard

Players

Delongate - Winner!

  • Race: Terran Terran
  • League: Platinum

MrMiyagi

  • Race: Protoss Protoss
  • League: Platinum

VOD

Have the link to the VOD?

Description

Time

  • Played on: Dec. 15, 2015, 7:48 a.m.
  • Length: 15:47
Show
View Real Time Build Order
Export as new Build Order

Delongate Terran - Winner!

Build Orders: Command Center First (CC), MMM Bio 

Get SALT Encoding   

  12  0:00  SCV  
  13  0:13  SCV  
  14  0:17  Supply Depot  
  14  0:25  SCV  
  15  0:39  SCV  
  16  0:51  SCV  
  17  0:59  Command Center  
  17  1:03  SCV  
  18  1:15  SCV  
  19  1:19  Barracks  
  19  1:28  SCV  
  20  1:33  Barracks  
  20  1:40  SCV  
  21  1:50  Refinery  
  21  1:51  Refinery  
  21  1:52  SCV  
  22  2:04  SCV  
  23  2:11  Marine  
  23  2:15  Orbital Command  
  24  2:17  Orbital Command  
  25  2:23  Barracks Tech Lab  
  24  2:33  Barracks Reactor  
  24  2:39  Barracks  
  24  2:40  SCV  
  25  2:44  SCV  
  25  2:46  Marine  
  27  2:51  Stimpack  
  27  3:01  SCV x2  
  29  3:07  Marine  
  29  3:12  Factory, Marine x2  
  32  3:17  SCV x2, Supply Depot  
  34  3:23  Supply Depot  
  34  3:25  Marine  
  35  3:27  Barracks Reactor  
  35  3:29  SCV  
  35  3:34  Marine x2  
  35  3:44  Marauder  
  35  3:45  SCV x2  
  39  3:53  Marine x2  
  41  3:55  Engineering Bay  
  41  3:57  SCV, Starport  
  41  3:58  Factory Reactor  
  41  4:01  SCV  
  43  4:11  Marine x3  
  43  4:12  Marine  
  43  4:13  SCV, Marauder  
  50  4:25  SCV  
  50  4:26  SCV  
  50  4:27  Terran Infantry Weapons Level 1  
  50  4:29  Marine  
  50  4:30  Supply Depot, Marine x2  
  54  4:31  Supply Depot  
  54  4:48  Barracks  
  54  4:52  Combat Shields, SCV x2, Marine  
  57  4:56  Marauder, Marine x2  
  61  5:04  SCV x2  
  63  5:11  Marine x2  
  58  5:16  SCV  
  58  5:17  Medivac  
  58  5:18  Medivac, Marauder  
  63  5:21  Supply Depot, Marine  
  63  5:22  Marine  
  63  5:24  SCV  
  66  5:34  Barracks  
  66  5:38  Barracks  
  62  5:46  Marine x4  
  62  5:48  Marauder  
  64  6:04  Marine x2  
  63  6:09  Marauder  
  59  6:12  Marine  
  59  6:14  Barracks Tech Lab  
  50  6:31  Marauder  
  50  6:32  Orbital Command  
  49  6:36  Barracks Reactor, Marine x2  
  49  6:37  Barracks Reactor  
  49  6:39  Command Center  
  44  6:45  Marine  
  35  6:59  Marine  
  35  7:02  Concussive Shells  
  35  7:16  Marine x4  
  35  7:20  Widow Mine  
  41  7:23  SCV  
  41  7:26  Marine  
  41  7:27  Marine x3  
  41  7:28  SCV, Marauder  
  49  7:31  Terran Infantry Armor Level 1  
  49  7:40  SCV x2  
  49  7:43  Marine  
  49  7:44  Marine x2  
  43  7:45  Medivac  
  43  7:46  Marine  
  43  7:48  Widow Mine  
  48  7:52  SCV  
  48  7:55  Marine x2  
  48  7:56  Marauder x2  
  53  8:03  SCV  
  46  8:11  Orbital Command  
  36  8:28  Marine x5  
  36  8:33  SCV  
  40  8:39  Marine x3  
  41  8:47  Marine x2  
  41  8:48  Marine  
  42  8:57  Marine x3  
  42  9:00  Marine x2  
  45  9:08  SCV x2  
  45  9:10  Marine  
  46  9:25  Marine x3  
  46  9:28  SCV  
  46  9:29  Marine  
  51  9:36  SCV  
  52  9:40  Marine  
  52  9:41  Marine  
  54  9:46  Marine x2  
  54  9:51  SCV x2  
  58  9:58  Marine x2  
  58  9:59  Marauder  
  55  10:07  Marine  
  55  10:08  Marine x4  
  55  10:10  Marine x2  
  55  10:13  SCV x2  
  59  10:19  Marine x2  
  59  10:20  SCV  
  59  10:21  Marine  
  63  10:25  SCV, Marine x2  
  63  10:27  SCV  
  67  10:30  Medivac  
  67  10:32  Medivac  
  68  10:51  Marine x3  
  68  10:52  Marauder, Marine x4  
  68  10:53  SCV, Marauder  
  80  11:00  Widow Mine  
  80  11:01  SCV x2, Marine  
  85  11:06  SCV  
  85  11:08  Marine  
  86  11:11  Marine  
  86  11:13  SCV x2  
  86  11:14  Marauder  
  86  11:18  SCV  
  92  11:19  Marine  
  93  11:27  Marine x4  
  93  11:28  Marine x2  
  93  11:29  Supply Depot  
  93  11:30  Supply Depot, Marine  
  100  11:38  SCV  
  101  11:47  SCV, Marine  
  101  11:51  SCV, Marine x7  
  101  11:52  SCV  
  108  12:06  Marine x2  
  110  12:08  Medivac  
  112  12:16  Supply Depot  
  112  12:17  Supply Depot  
  112  12:18  Supply Depot  
  112  12:19  Marine  
  112  12:20  Supply Depot, Marine x5  
  112  12:21  Marine x2  
  120  12:24  SCV, Marine x2  
  120  12:29  SCV  
  124  12:36  SCV  
  125  12:37  Marine x3  
  125  12:38  SCV, Marine x4  
  125  12:39  Marine  
  125  12:40  Supply Depot  
  125  12:42  Marine  
  135  12:53  Marine  
  135  12:55  Marine x2  
  138  13:03  Marine  
  138  13:04  Marine x4  
  138  13:05  Marauder  
  133  13:15  Marine  
  133  13:27  Marine x3  
  133  13:28  Marine x2  
  130  13:45  Marine  
  130  13:48  Marine x2  
  132  13:50  Marine  
  125  14:01  Marine x2  
  101  14:10  Marine x3  
  101  14:16  SCV x2, Marine x3  
  108  14:20  Marine x2  
  110  14:28  Marine x2  
  105  14:40  Marine x4  
  105  14:45  Marine x3  
  109  14:46  Marine x2  
  109  14:48  Marine  
  109  14:49  SCV x2  
  109  14:52  Supply Depot  
  117  14:53  Supply Depot, Barracks  
  117  14:55  Command Center  
  117  14:56  Barracks  
  117  14:58  Marine x4  
  121  15:03  Marine  
  121  15:04  Marauder x2  
  126  15:12  Marine x3  
  127  15:16  Marine  
  123  15:27  Marine  
  123  15:28  Marine x3  
Show
View Real Time Build Order
Export as new Build Order

MrMiyagi Protoss 

Build Orders:  

Get SALT Encoding   

  12  0:01  Probe (Chrono Boost)  
  13  0:11  Probe (Chrono Boost)  
  14  0:18  Pylon  
  14  0:22  Probe (Chrono Boost)  
  15  0:38  Gateway  
  15  0:39  Probe (Chrono Boost)  
  16  0:50  Probe (Chrono Boost), Assimilator  
  16  0:54  Assimilator  
  17  1:00  Probe (Chrono Boost)  
  18  1:08  Gateway  
  18  1:13  Probe (Chrono Boost)  
  19  1:26  Cybernetics Core  
  19  1:31  Pylon  
  19  1:33  Probe (Chrono Boost)  
  20  1:44  Probe (Chrono Boost)  
  21  1:54  Probe (Chrono Boost)  
  22  2:05  Mothership Core (Chrono Boost)  
  24  2:14  Nexus  
  24  2:24  Adept  
  24  2:26  Adept  
  28  2:30  Warp Gate (Chrono Boost)  
  28  2:32  Probe  
  29  2:45  Probe  
  30  2:55  Robotics Facility  
  30  2:57  Probe  
  31  3:10  Pylon  
  31  3:20  Gateway  
  31  3:26  Probe  
  32  3:46  Warp Prism (Chrono Boost)  
  32  3:52  Gateway x2  
  32  3:55  Probe  
  33  3:56  Gateway  
  33  3:57  Probe  
  34  4:11  Twilight Council  
  34  4:25  Adept x2  
  34  4:30  Adept  
  40  4:36  Probe x2 (Chrono Boost)  
  42  4:48  Probe x2 (Chrono Boost), Pylon x2  
  42  4:52  Observer  
  45  4:59  Probe x2 (Chrono Boost)  
  44  5:08  Adept x3  
  46  5:16  Probe (Chrono Boost)  
  46  5:19  Mothership Core (Chrono Boost)  
  49  5:26  Probe (Chrono Boost)  
  50  5:37  Probe (Chrono Boost)  
  50  5:42  Adept x2  
  51  5:58  Adept x2  
  51  5:59  Adept  
  51  6:31  Probe x2 (Chrono Boost)  
  53  6:35  Warp Prism (Chrono Boost)  
  45  6:59  Adept  
  45  7:00  Adept x2  
  45  7:01  Stalker x3  
  51  7:05  Probe  
  51  7:07  Probe  
  55  7:10  Assimilator  
  55  7:15  Assimilator  
  55  7:30  Resonating Glaives (Chrono Boost)  
  55  7:47  Adept x5  
  55  7:48  Adept  
  54  8:09  Observer  
  45  8:32  Stalker x4  
  45  8:33  Stalker x2  
  44  8:53  Stalker x2  
  44  8:55  Warp Prism (Chrono Boost)  
  49  8:58  Probe  
  49  9:00  Probe  
  43  9:10  Probe, Adept x3  
  43  9:11  Adept  
  43  9:12  Probe  
  53  9:27  Stalker x2  
  56  9:41  Stalker  
  56  9:42  Stalker x2  
  56  9:44  Probe  
  56  9:45  Probe  
  64  10:00  Nexus  
  64  10:06  Stalker x2  
  64  10:07  Stalker  
  62  10:08  Probe  
  63  10:16  Probe  
  63  10:20  Probe  
  65  10:33  Adept x2  
  69  10:39  Pylon  
  63  11:01  Probe  
  63  11:02  Probe, Dark Shrine  
  65  11:11  Probe  
  65  11:13  Adept x2  
  65  11:15  Adept x2  
  65  11:17  Observer (Chrono Boost)  
  65  11:18  Probe x2  
  76  11:22  Probe  
  78  11:29  Probe  
  78  11:30  Probe  
  78  11:32  Probe  
  80  11:37  Warp Prism (Chrono Boost)  
  83  11:40  Probe  
  83  11:42  Probe  
  83  11:43  Probe  
  83  11:47  Assimilator  
  86  11:58  Stalker x3  
  92  12:09  Probe  
  92  12:15  Assimilator  
  93  12:23  Pylon  
  93  12:30  Pylon x2  
  93  12:35  Forge  
  93  12:40  Probe x2  
  93  12:42  Warp Prism (Chrono Boost)  
  97  12:44  Probe  
  97  12:49  Pylon  
  98  12:59  Dark Templar  
  98  13:00  Dark Templar x4  
  86  13:06  Adept  
  61  13:16  Mothership Core  
  45  13:28  Adept  
  23  13:43  Dark Templar  
  23  13:44  Dark Templar x2, Probe x2  
  31  13:52  Zealot  
  30  14:02  Probe x2  
  27  14:08  Observer (Chrono Boost)  
  28  14:17  Probe  
  28  14:18  Probe  
  30  14:27  Zealot x4  
  30  14:28  Probe x2  
  39  14:33  Cybernetics Core  
  37  14:38  Probe  
  35  14:55  Dark Templar x2  
  35  14:56  Dark Templar  
  41  15:05  Probe  
  34  15:10  Sentry  
  29  15:25  Probe  
  29  15:26  Probe  
  29  15:33  Photon Cannon  
  29  15:35  Pylon  
  27  15:40  Zealot x3  
Tags
 
Add a new tag
Caveats
  • Supply blocks, unpowered buildings, or Contaminate may cause inaccurate times.
  • Supply counts are checked every 10 seconds.